| Goals | Penalties |
1. Jets , Trevor Lewis 2 (Klim Kostin 5, Thomas Chabot 35) at 11:28
|
Dougie Hamilton (WPG) for Tripping (Minor) at 13:57
|
2. Jets , Kirill Kaprizov 19 (Nikita Kucherov 37, Thomas Chabot 36) at 2:55 (PP)
3. Jets , Dougie Hamilton 5 (Nikita Kucherov 38, Linus Ullmark) at 6:12 (PP)
|
Sebastian Aho (NYR) for Holding (Minor) at 2:22 Mason Lohrei (NYR) for Roughing (Minor) at 5:44
|
4. Rangers , Alex Laferriere 20 (Anton Lundell 32, Alex Killorn 15) at 4:06
5. Rangers , Jack Hughes 22 (Martin Fehervary 16, Jake Guentzel 38) at 12:39
|
Jayden Struble (NYR) for Diving (Minor) at 8:48
|
|
Alex Lyon (NYR), 34 saves from 37 shots - (0,919), L, 3-1-0, 59:40 minutes
Linus Ullmark (WPG), 27 saves from 29 shots - (0,931), W, 31-16-7, 60:00 minutes
|
|
1 - Trevor Lewis (WPG)
2 - Thomas Chabot (WPG)
3 - Alex Laferriere (NYR)
|
Referees : Brandon Blandina and Kendrick Nicholson
Linesman : CJ Murray and Shandor Alphonso
|
|
| No Game Note
|
|
Level 1 -- Attendance: 6000 (100%) -- Ticket Income $480,000
Level 2 -- Attendance: 3468 (69%) -- Ticket Income $208,080
Level 3 -- Attendance: 2364 (93%) -- Ticket Income $82,740
Level 4 -- Attendance: 3039 (76%) -- Ticket Income $60,780
Luxury Box -- Attendance: 992 (99%) -- Ticket Income $198,400
Game was played at the MTS Centre.
Total Attendance: 15863 (86%)
Total Ticket Income: $1,030,000
Other Income: $309,000
Total Income: $1,339,000
|
| Team Name |
Goals |
Shots |
Shots Attemp |
Shots Blocked |
PIM |
HIT |
PP |
PK |
FO% |
| Rangers |
2 | 29 | 61 | 8 | 6 | 16 | 0 / 1 (0%) | 2 | 44% |
| Jets |
3 | 37 | 67 | 9 | 2 | 28 | 2 / 3 (67%) | 0 | 56% |
Rangers
| Player Name |
POS |
G |
A |
P |
+/- |
PIM |
HIT |
SHT |
SB |
MP |
PP MP |
PP SHT |
PK MP |
PK SHT |
FO% |
FOT |
GA |
TA |
| Alex Killorn | LW/RW | 0 | 1 | 1 | 1 | 0 | 1 | 1 | 1 | 19:19 | 0:56 | 0 | 0:00 | 0 | 0% |
3 | 2 | 0 |
| Alex Laferriere | LW/RW | 1 | 0 | 1 | 1 | 0 | 1 | 2 | 0 | 19:51 | 0:56 | 0 | 0:32 | 0 | 0% |
0 | 0 | 0 |
| Anton Lundell | C | 0 | 1 | 1 | 1 | 0 | 1 | 3 | 1 | 19:48 | 0:56 | 0 | 0:23 | 0 | 50% |
12 | 1 | 0 |
| Christian Dvorak | C | 0 | 0 | 0 | 0 | 0 | 0 | 0 | 0 | 4:40 | 0:00 | 0 | 0:00 | 0 | 33% |
3 | 0 | 0 |
| Dmitry Orlov | D | 0 | 0 | 0 | -1 | 0 | 1 | 2 | 0 | 17:55 | 0:57 | 0 | 0:49 | 0 | 0% |
0 | 0 | 1 |
| Filip Hronek | D | 0 | 0 | 0 | -1 | 0 | 2 | 2 | 3 | 27:22 | 1:02 | 0 | 0:49 | 0 | 0% |
0 | 1 | 4 |
| Jack Hughes | C/LW/RW | 1 | 0 | 1 | 0 | 0 | 1 | 3 | 0 | 19:35 | 1:03 | 0 | 0:23 | 0 | 100% |
1 | 0 | 1 |
| Jake Guentzel | C/LW | 0 | 1 | 1 | 0 | 0 | 0 | 3 | 0 | 21:11 | 1:03 | 0 | 2:05 | 0 | 67% |
3 | 0 | 0 |
| Jayden Struble | D | 0 | 0 | 0 | 0 | 2 | 0 | 1 | 1 | 11:36 | 0:00 | 0 | 0:00 | 0 | 0% |
0 | 0 | 0 |
| Joel Eriksson Ek | C | 0 | 0 | 0 | 0 | 0 | 0 | 0 | 0 | 14:03 | 0:00 | 0 | 0:00 | 0 | 33% |
6 | 2 | 0 |
| Kasperi Kapanen | LW/RW | 0 | 0 | 0 | 0 | 0 | 2 | 0 | 0 | 13:49 | 0:00 | 0 | 0:00 | 0 | 0% |
1 | 0 | 0 |
| Kirill Marchenko | RW | 0 | 0 | 0 | 0 | 0 | 0 | 5 | 1 | 14:54 | 0:00 | 0 | 1:05 | 0 | 33% |
3 | 0 | 1 |
| Martin Fehervary | D | 0 | 1 | 1 | 2 | 0 | 1 | 4 | 0 | 25:21 | 0:57 | 0 | 2:11 | 0 | 0% |
0 | 0 | 1 |
| Mason Lohrei | D | 0 | 0 | 0 | 0 | 2 | 0 | 0 | 0 | 7:16 | 0:00 | 0 | 0:00 | 0 | 0% |
0 | 0 | 0 |
| Sebastian Aho | C/LW | 0 | 0 | 0 | 0 | 2 | 2 | 1 | 1 | 25:03 | 1:03 | 0 | 1:32 | 0 | 46% |
39 | 0 | 1 |
| Thomas Harley | D | 0 | 0 | 0 | 2 | 0 | 4 | 2 | 0 | 30:34 | 1:02 | 0 | 2:11 | 0 | 0% |
0 | 0 | 3 |
| Zac Jones | D | 0 | 0 | 0 | 0 | 0 | 0 | 0 | 0 | 0:00 | 0:00 | 0 | 0:00 | 0 | 0% |
0 | 0 | 0 |
| Zachary Bolduc | LW/RW | 0 | 0 | 0 | 0 | 0 | 0 | 0 | 0 | 4:40 | 0:00 | 0 | 0:00 | 0 | 0% |
0 | 0 | 0 |
Jets
| Player Name |
POS |
G |
A |
P |
+/- |
PIM |
HIT |
SHT |
SB |
MP |
PP MP |
PP SHT |
PK MP |
PK SHT |
FO% |
FOT |
GA |
TA |
| Adam Larsson | D | 0 | 0 | 0 | 0 | 0 | 1 | 2 | 0 | 24:07 | 0:34 | 0 | 0:50 | 0 | 0% |
0 | 0 | 2 |
| Anze Kopitar | C | 0 | 0 | 0 | -1 | 0 | 1 | 0 | 0 | 20:55 | 0:56 | 0 | 1:08 | 0 | 57% |
28 | 1 | 1 |
| Christopher Tanev | D | 0 | 0 | 0 | 0 | 0 | 1 | 1 | 2 | 23:05 | 0:34 | 0 | 1:09 | 0 | 0% |
0 | 0 | 0 |
| Curtis Lazar | C/LW/RW | 0 | 0 | 0 | -1 | 0 | 4 | 0 | 1 | 12:54 | 0:00 | 0 | 0:57 | 0 | 100% |
4 | 0 | 0 |
| Dougie Hamilton | D | 1 | 0 | 1 | 0 | 2 | 2 | 1 | 1 | 19:35 | 2:26 | 1 | 0:00 | 0 | 0% |
0 | 1 | 0 |
| Eric Robinson | LW/RW | 0 | 0 | 0 | -1 | 0 | 2 | 3 | 0 | 14:01 | 0:00 | 0 | 0:57 | 0 | 0% |
1 | 0 | 0 |
| Ilya Lyubushkin | D | 0 | 0 | 0 | -1 | 0 | 1 | 2 | 0 | 14:29 | 0:00 | 0 | 0:50 | 0 | 0% |
0 | 0 | 0 |
| Kirill Kaprizov | LW/RW | 1 | 0 | 1 | -1 | 0 | 2 | 3 | 0 | 19:53 | 2:04 | 1 | 0:00 | 0 | 0% |
1 | 1 | 1 |
| Klim Kostin | C/LW/RW | 0 | 1 | 1 | 1 | 0 | 2 | 0 | 0 | 9:25 | 0:00 | 0 | 0:17 | 0 | 20% |
5 | 0 | 0 |
| Mark Scheifele | C | 0 | 0 | 0 | 0 | 0 | 1 | 0 | 0 | 17:09 | 2:04 | 0 | 0:00 | 0 | 60% |
25 | 0 | 1 |
| Martin Necas | C/LW/RW | 0 | 0 | 0 | 0 | 0 | 3 | 2 | 1 | 15:56 | 0:56 | 0 | 0:00 | 0 | 50% |
2 | 1 | 0 |
| Mathieu Olivier | LW/RW | 0 | 0 | 0 | 1 | 0 | 0 | 4 | 1 | 9:08 | 0:00 | 0 | 0:00 | 0 | 0% |
0 | 2 | 0 |
| Nikita Kucherov | RW | 0 | 2 | 2 | -1 | 0 | 3 | 11 | 0 | 19:53 | 2:04 | 1 | 0:00 | 0 | 0% |
1 | 1 | 0 |
| Radko Gudas | D | 0 | 0 | 0 | -1 | 0 | 4 | 0 | 0 | 14:48 | 0:00 | 0 | 1:09 | 0 | 0% |
0 | 0 | 0 |
| Robert Thomas | C/RW | 0 | 0 | 0 | 0 | 0 | 0 | 3 | 0 | 15:56 | 0:56 | 0 | 0:00 | 0 | 100% |
1 | 2 | 1 |
| Ryan Strome | C/LW/RW | 0 | 0 | 0 | -1 | 0 | 0 | 2 | 1 | 11:57 | 0:00 | 0 | 0:00 | 0 | 67% |
3 | 2 | 0 |
| Thomas Chabot | D | 0 | 2 | 2 | 0 | 0 | 1 | 1 | 2 | 23:55 | 2:26 | 0 | 0:00 | 0 | 0% |
0 | 0 | 0 |
| Trevor Lewis | C/LW/RW | 1 | 0 | 1 | 1 | 0 | 0 | 2 | 0 | 10:54 | 0:00 | 0 | 0:39 | 0 | 0% |
0 | 1 | 0 |
Rangers
| 5 vs 5 Forward |
|---|
| Line # | Left Wing | Center | Right Wing | PHY | DF | OF | Wanted % | Time % | Time Play |
| 1 | Jake Guentzel | Sebastian Aho | Jack Hughes | 1 | 2 | 2 | 40 | 32% | 17:33
|
| 2 | Alex Killorn | Anton Lundell | Alex Laferriere | 1 | 2 | 2 | 30 | 34% | 18:29
|
| 3 | Kasperi Kapanen | Joel Eriksson Ek | Kirill Marchenko | 1 | 2 | 2 | 20 | 25% | 13:49
|
| 4 | Zachary Bolduc | Christian Dvorak | Sebastian Aho | 1 | 2 | 2 | 10 | 9% | 4:40
|
| 5 vs 5 Defense |
|---|
| Line # | Defense | Defense | | PHY | DF | OF | Wanted % | Time % | Time Play |
| 1 | Thomas Harley | Martin Fehervary | | 1 | 2 | 2 | 40 | 39% | 21:28
|
| 2 | Filip Hronek | Dmitry Orlov | | 1 | 2 | 2 | 30 | 30% | 16:09
|
| 3 | Filip Hronek | Jayden Struble | | 1 | 2 | 2 | 20 | 20% | 10:38
|
| 4 | Mason Lohrei | Thomas Harley | | 1 | 2 | 2 | 10 | 11% | 6:16
|
| Power Play Forward |
|---|
| Line # | Left Wing | Center | Right Wing | PHY | DF | OF | Wanted % | Time % | Time Play |
| 1 | Jake Guentzel | Sebastian Aho | Jack Hughes | 1 | 2 | 2 | 60 | 53% | 1:03
|
| 2 | Alex Killorn | Anton Lundell | Alex Laferriere | 1 | 2 | 2 | 40 | 47% | 0:56
|
| Power Play Defense |
|---|
| Line # | Defense | Defense | | PHY | DF | OF | Wanted % | Time % | Time Play |
| 1 | Thomas Harley | Filip Hronek | | 1 | 2 | 2 | 60 | 52% | 1:02
|
| 2 | Martin Fehervary | Dmitry Orlov | | 1 | 2 | 2 | 40 | 48% | 0:57
|
| Penalty Kill 4 Players Forward |
|---|
| Line # | Center | Wing | PHY | DF | OF | Wanted % | Time % | Time Play |
| 1 | Sebastian Aho | Jake Guentzel | 1 | 2 | 2 | 60 | 87% | 2:37
|
| 2 | Jack Hughes | Anton Lundell | 1 | 2 | 2 | 40 | 13% | 0:23
|
| Penalty Kill 4 Players Defense |
|---|
| Line # | Defense | Defense | PHY | DF | OF | Wanted % | Time % | Time Play |
| 1 | Thomas Harley | Martin Fehervary | 1 | 2 | 2 | 60 | 73% | 2:11
|
| 2 | Filip Hronek | Dmitry Orlov | 1 | 2 | 2 | 40 | 27% | 0:49
|
| Penalty Kill 3 Players |
|---|
| Line # | Wing | PHY | DF | OF | Wanted % | Time % | Time Play | Defense | Defense | PHY | DF | OF | Wanted % | Time % | Time Play |
| 1 | Sebastian Aho | 1 | 2 | 2 | 60 | 0% | 0:00
| Thomas Harley | Dmitry Orlov | 1 | 2 | 2 | 60 | 0% | 0:00
|
| 2 | Jake Guentzel | 1 | 2 | 2 | 40 | 0% | 0:00
| Martin Fehervary | Filip Hronek | 1 | 2 | 2 | 40 | 0% | 0:00
|
| 4 vs 4 Forward |
|---|
| Line # | Center | Wing | PHY | DF | OF | Wanted % | Time % | Time Play |
| 1 | Sebastian Aho | Jake Guentzel | 1 | 2 | 2 | 60 | 0% | 0:00
|
| 2 | Jack Hughes | Anton Lundell | 1 | 2 | 2 | 40 | 0% | 0:00
|
| 4 vs 4 Defense |
|---|
| Line # | Defense | | PHY | DF | OF | Wanted % | Time % | Time Play |
| 1 | Thomas Harley | Martin Fehervary | 1 | 2 | 2 | 60 | 0% | 0:00
|
| 2 | Filip Hronek | Dmitry Orlov | 1 | 2 | 2 | 40 | 0% | 0:00
|
| Last Minutes Offensive |
|---|
| Left Wing | Center | Right Wing | Defense | Defense |
| Jake Guentzel | Sebastian Aho | Jack Hughes | Thomas Harley | Martin Fehervary |
| Last Minutes Defensive |
|---|
| Left Wing | Center | Right Wing | Defense | Defense |
| Jake Guentzel | Sebastian Aho | Jack Hughes | Thomas Harley | Martin Fehervary |
| Time |
|---|
| Total Forward | Total Defense | Last Minutes Offensive | Last Minutes Defensive |
| 60:00 |
60:00 |
0:30 | 0:00 |
| Extra Forwards |
|---|
| Normal | PowerPlay | Penalty Kill |
|
Joel Eriksson Ek, Christian Dvorak, Kirill Marchenko | Joel Eriksson Ek, Christian Dvorak | Kirill Marchenko |
| Extra Defensemen |
|---|
| Normal | PowerPlay | Penalty Kill |
|
Filip Hronek, Jayden Struble, Mason Lohrei | Filip Hronek, Jayden Struble | Mason Lohrei |
| Penalty Shots |
|---|
|
Sebastian Aho, Jake Guentzel, Jack Hughes, Anton Lundell, Joel Eriksson Ek |
| Goalie |
|---|
| Alex Lyon, Karel Vejmelka |
| Scratches |
|---|
|
Carl Grundstrom (Healthy), Ivan Miroshnichenko (Healthy), Oskar Back (Healthy) |
Jets
| 5 vs 5 Forward |
|---|
| Line # | Left Wing | Center | Right Wing | PHY | DF | OF | Wanted % | Time % | Time Play |
| 1 | Kirill Kaprizov | Anze Kopitar | Nikita Kucherov | 0 | 2 | 3 | 35 | 33% | 17:49
|
| 2 | Martin Necas | Mark Scheifele | Robert Thomas | 1 | 2 | 2 | 30 | 28% | 15:00
|
| 3 | Ryan Strome | Curtis Lazar | Eric Robinson | 2 | 2 | 1 | 20 | 22% | 11:57
|
| 4 | Mathieu Olivier | Klim Kostin | Trevor Lewis | 3 | 2 | 0 | 15 | 17% | 9:08
|
| 5 vs 5 Defense |
|---|
| Line # | Defense | Defense | | PHY | DF | OF | Wanted % | Time % | Time Play |
| 1 | Adam Larsson | Thomas Chabot | | 0 | 3 | 2 | 38 | 37% | 20:00
|
| 2 | Christopher Tanev | Dougie Hamilton | | 1 | 3 | 1 | 36 | 35% | 18:46
|
| 3 | Radko Gudas | Ilya Lyubushkin | | 1 | 3 | 1 | 21 | 25% | 13:39
|
| 4 | Thomas Chabot | Christopher Tanev | | 0 | 2 | 3 | 5 | 3% | 1:29
|
| Power Play Forward |
|---|
| Line # | Left Wing | Center | Right Wing | PHY | DF | OF | Wanted % | Time % | Time Play |
| 1 | Kirill Kaprizov | Mark Scheifele | Nikita Kucherov | 0 | 0 | 5 | 75 | 69% | 2:04
|
| 2 | Martin Necas | Anze Kopitar | Robert Thomas | 0 | 1 | 4 | 25 | 31% | 0:56
|
| Power Play Defense |
|---|
| Line # | Defense | Defense | | PHY | DF | OF | Wanted % | Time % | Time Play |
| 1 | Thomas Chabot | Dougie Hamilton | | 0 | 0 | 5 | 75 | 81% | 2:26
|
| 2 | Adam Larsson | Christopher Tanev | | 1 | 1 | 3 | 25 | 19% | 0:34
|
| Penalty Kill 4 Players Forward |
|---|
| Line # | Center | Wing | PHY | DF | OF | Wanted % | Time % | Time Play |
| 1 | Anze Kopitar | Eric Robinson | 1 | 4 | 0 | 65 | 100% | 1:59
|
| 2 | Ryan Strome | Trevor Lewis | 1 | 3 | 1 | 35 | 0% | 0:00
|
| Penalty Kill 4 Players Defense |
|---|
| Line # | Defense | Defense | PHY | DF | OF | Wanted % | Time % | Time Play |
| 1 | Christopher Tanev | Radko Gudas | 1 | 4 | 0 | 65 | 58% | 1:09
|
| 2 | Adam Larsson | Ilya Lyubushkin | 1 | 3 | 1 | 35 | 42% | 0:50
|
| Penalty Kill 3 Players |
|---|
| Line # | Wing | PHY | DF | OF | Wanted % | Time % | Time Play | Defense | Defense | PHY | DF | OF | Wanted % | Time % | Time Play |
| 1 | Anze Kopitar | 0 | 5 | 0 | 60 | 0% | 0:00
| Thomas Chabot | Adam Larsson | 0 | 5 | 0 | 60 | 0% | 0:00
|
| 2 | Robert Thomas | 0 | 5 | 0 | 40 | 0% | 0:00
| Ilya Lyubushkin | Christopher Tanev | 0 | 5 | 0 | 40 | 0% | 0:00
|
| 4 vs 4 Forward |
|---|
| Line # | Center | Wing | PHY | DF | OF | Wanted % | Time % | Time Play |
| 1 | Anze Kopitar | Nikita Kucherov | 1 | 1 | 3 | 60 | 0% | 0:00
|
| 2 | Robert Thomas | Martin Necas | 1 | 1 | 3 | 40 | 0% | 0:00
|
| 4 vs 4 Defense |
|---|
| Line # | Defense | | PHY | DF | OF | Wanted % | Time % | Time Play |
| 1 | Thomas Chabot | Adam Larsson | 1 | 1 | 3 | 60 | 0% | 0:00
|
| 2 | Dougie Hamilton | Christopher Tanev | 1 | 1 | 3 | 40 | 0% | 0:00
|
| Last Minutes Offensive |
|---|
| Left Wing | Center | Right Wing | Defense | Defense |
| Kirill Kaprizov | Mark Scheifele | Nikita Kucherov | Thomas Chabot | Dougie Hamilton |
| Last Minutes Defensive |
|---|
| Left Wing | Center | Right Wing | Defense | Defense |
| Eric Robinson | Anze Kopitar | Trevor Lewis | Christopher Tanev | Adam Larsson |
| Time |
|---|
| Total Forward | Total Defense | Last Minutes Offensive | Last Minutes Defensive |
| 60:00 |
60:00 |
0:00 | 1:07 |
| Extra Forwards |
|---|
| Normal | PowerPlay | Penalty Kill |
|
Robert Thomas, Martin Necas, Ryan Strome | Robert Thomas, Martin Necas | Trevor Lewis |
| Extra Defensemen |
|---|
| Normal | PowerPlay | Penalty Kill |
|
Adam Larsson, Radko Gudas, Ilya Lyubushkin | Dougie Hamilton, Christopher Tanev | Adam Larsson |
| Penalty Shots |
|---|
|
Nikita Kucherov, Kirill Kaprizov, Mark Scheifele, Martin Necas, Anze Kopitar |
| Goalie |
|---|
| Linus Ullmark, Ville Husso |
Play-by-Play
1st period
0:01 of 1st period - Jake Guentzel wins face-off versus Nikita Kucherov in neutral zone.
0:10 of 1st period - Snap shot by Jake Guentzel.
0:10 of 1st period - Shot Misses the Net.
0:49 of 1st period - Dmitry Orlov is hit by Dougie Hamilton and loses puck.
0:57 of 1st period - Off-side.
0:58 of 1st period - Christian Dvorak wins face-off versus Klim Kostin in neutral zone.
1:10 of 1st period - Off-side.
1:11 of 1st period - Anze Kopitar wins face-off versus Sebastian Aho in neutral zone.
1:14 of 1st period - Wrist shot by Nikita Kucherov.
1:14 of 1st period - Stopped by Alex Lyon with a rebound.
1:22 of 1st period - Slapshot by Jake Guentzel.
1:22 of 1st period - Shot Blocked by Christopher Tanev.
1:24 of 1st period - Slapshot by Dmitry Orlov.
1:24 of 1st period - Deflect By Jack Hughes.
1:24 of 1st period - Shot Misses the Net.
1:24 of 1st period - Puck is out of play.
1:25 of 1st period - Anton Lundell wins face-off versus Mark Scheifele in Jets zone.
1:38 of 1st period - Anton Lundell is hit by Martin Necas and loses puck.
2:14 of 1st period - Snap shot by Kirill Marchenko.
2:14 of 1st period - Stopped by Linus Ullmark without a rebound.
2:15 of 1st period - Kirill Marchenko wins face-off versus Anze Kopitar in Jets zone.
2:30 of 1st period - Snap shot by Kirill Marchenko.
2:30 of 1st period - Stopped by Linus Ullmark without a rebound.
2:31 of 1st period - Anton Lundell wins face-off versus Klim Kostin in Jets zone.
2:38 of 1st period - Slapshot by Anton Lundell.
2:38 of 1st period - Shot Blocked by Mathieu Olivier.
2:40 of 1st period - Snap shot by Anton Lundell.
2:40 of 1st period - Shot Misses the Net.
2:42 of 1st period - Slapshot by Jayden Struble.
2:42 of 1st period - Shot Blocked by Christopher Tanev.
2:44 of 1st period - Wrist shot by Anton Lundell.
2:44 of 1st period - Shot Misses the Net.
2:46 of 1st period - Wrist shot by Anton Lundell.
2:46 of 1st period - Stopped by Linus Ullmark with a rebound.
2:48 of 1st period - Snap shot by Filip Hronek.
2:48 of 1st period - Shot Misses the Net.
3:04 of 1st period - Snap shot by Martin Necas.
3:04 of 1st period - Shot Misses the Net.
3:10 of 1st period - Wrist shot by Mark Scheifele.
3:10 of 1st period - Shot Misses the Net.
4:03 of 1st period - Adam Larsson is hit by Alex Laferriere.
4:35 of 1st period - Kirill Marchenko is hit by Eric Robinson and loses puck.
6:27 of 1st period - Ilya Lyubushkin is hit by Filip Hronek and loses puck.
6:57 of 1st period - Christian Dvorak is hit by Radko Gudas and loses puck.
7:20 of 1st period - Wrist shot by Martin Necas.
7:20 of 1st period - Stopped by Alex Lyon with a rebound.
7:27 of 1st period - Icing by Filip Hronek.
7:28 of 1st period - Anton Lundell wins face-off versus Anze Kopitar in Rangers zone.
7:28 of 1st period - Anton Lundell is hit by Kirill Kaprizov.
7:40 of 1st period - Slapshot by Kirill Kaprizov.
7:40 of 1st period - Shot Misses the Net.
7:42 of 1st period - Snap shot by Anze Kopitar.
7:42 of 1st period - Shot Blocked by Filip Hronek.
7:54 of 1st period - Alex Killorn is hit by Christopher Tanev and loses puck.
8:07 of 1st period - Snap shot by Dougie Hamilton.
8:07 of 1st period - Deflect By Trevor Lewis.
8:07 of 1st period - Stopped by Alex Lyon without a rebound.
8:08 of 1st period - Martin Necas wins face-off versus Sebastian Aho in Rangers zone.
8:43 of 1st period - Slapshot by Joel Eriksson Ek.
8:43 of 1st period - Shot Blocked by Thomas Chabot.
8:45 of 1st period - Snap shot by Kasperi Kapanen.
8:45 of 1st period - Shot Blocked by Thomas Chabot.
8:47 of 1st period - Slapshot by Dmitry Orlov.
8:47 of 1st period - Stopped by Linus Ullmark with a rebound.
8:49 of 1st period - Slapshot by Kirill Marchenko.
8:49 of 1st period - Stopped by Linus Ullmark without a rebound.
8:50 of 1st period - Ryan Strome wins face-off versus Sebastian Aho in Jets zone.
8:50 of 1st period - Ryan Strome is hit by Jack Hughes.
9:00 of 1st period - Snap shot by Ryan Strome.
9:00 of 1st period - Shot Misses the Net.
9:23 of 1st period - Slapshot by Alex Killorn.
9:23 of 1st period - Shot Misses the Net.
9:25 of 1st period - Slapshot by Martin Fehervary.
9:25 of 1st period - Stopped by Linus Ullmark with a rebound.
9:27 of 1st period - Wrist shot by Alex Killorn.
9:27 of 1st period - Shot Misses the Net.
11:22 of 1st period - Wrist shot by Mathieu Olivier.
11:22 of 1st period - Stopped by Alex Lyon without a rebound.
11:23 of 1st period - Klim Kostin wins face-off versus Jake Guentzel in Rangers zone.
11:24 of 1st period - Slapshot by Thomas Chabot.
11:24 of 1st period - Shot Misses the Net.
11:26 of 1st period - Snap shot by Klim Kostin.
11:26 of 1st period - Shot Misses the Net.
11:28 of 1st period - Snap shot by Trevor Lewis.
11:28 of 1st period - Goal by Trevor Lewis - Rangers : 0 - Jets : 1.
11:29 of 1st period - Sebastian Aho wins face-off versus Anze Kopitar in neutral zone.
11:46 of 1st period - Snap shot by Nikita Kucherov.
11:46 of 1st period - Stopped by Alex Lyon with a rebound.
12:06 of 1st period - Anton Lundell is hit by Radko Gudas and loses puck.
12:17 of 1st period - Dmitry Orlov is hit by Curtis Lazar and loses puck.
12:56 of 1st period - Snap shot by Nikita Kucherov.
12:56 of 1st period - Stopped by Alex Lyon with a rebound.
12:58 of 1st period - Wrist shot by Ilya Lyubushkin.
12:58 of 1st period - Stopped by Alex Lyon with a rebound.
13:00 of 1st period - Slapshot by Ilya Lyubushkin.
13:00 of 1st period - Stopped by Alex Lyon without a rebound.
13:01 of 1st period - Anze Kopitar wins face-off versus Anton Lundell in Rangers zone.
13:04 of 1st period - Slapshot by Nikita Kucherov.
13:04 of 1st period - Stopped by Alex Lyon with a rebound.
13:18 of 1st period - Slapshot by Nikita Kucherov.
13:18 of 1st period - Stopped by Alex Lyon with a rebound.
13:20 of 1st period - Wrist shot by Adam Larsson.
13:20 of 1st period - Deflect By Alex Killorn.
13:20 of 1st period - Stopped by Alex Lyon without a rebound.
13:21 of 1st period - Sebastian Aho wins face-off versus Mark Scheifele in Rangers zone.
13:48 of 1st period - Alex Killorn is hit by Nikita Kucherov and loses puck.
13:55 of 1st period - Snap shot by Alex Laferriere.
13:55 of 1st period - Shot Misses the Net.
13:57 of 1st period - Minor Penalty to Dougie Hamilton for Tripping.
13:58 of 1st period - Sebastian Aho wins face-off versus Anze Kopitar in Jets zone.
14:59 of 1st period - Sebastian Aho is hit by Curtis Lazar.
15:09 of 1st period - Thomas Harley is hit by Ilya Lyubushkin and loses puck.
15:57 of 1st period - Penalty to Dougie Hamilton is over, Dougie Hamilton is back on ice.
16:00 of 1st period - Dmitry Orlov is hit by Martin Necas and loses puck.
16:09 of 1st period - Snap shot by Mark Scheifele.
16:09 of 1st period - Shot Misses the Net.
16:11 of 1st period - Slapshot by Adam Larsson.
16:11 of 1st period - Stopped by Alex Lyon without a rebound.
16:12 of 1st period - Mark Scheifele wins face-off versus Joel Eriksson Ek in Rangers zone.
17:04 of 1st period - Wrist shot by Nikita Kucherov.
17:04 of 1st period - Stopped by Alex Lyon without a rebound.
17:05 of 1st period - Anze Kopitar wins face-off versus Joel Eriksson Ek in Rangers zone.
17:43 of 1st period - Snap shot by Nikita Kucherov.
17:43 of 1st period - Shot Blocked by Kirill Marchenko.
18:13 of 1st period - Anze Kopitar is hit by Kasperi Kapanen and loses puck.
18:33 of 1st period - Icing by Filip Hronek.
18:34 of 1st period - Mark Scheifele wins face-off versus Joel Eriksson Ek in Rangers zone.
19:01 of 1st period - Dmitry Orlov is hit by Eric Robinson and loses puck.
19:12 of 1st period - Snap shot by Jack Hughes.
19:12 of 1st period - Shot Misses the Net.
Goals for this period are 0 for Rangers vs 1 for Jets.
Shots for this period are 6 for Rangers vs 14 for Jets.
2nd period
0:01 of 2nd period - Sebastian Aho wins face-off versus Mark Scheifele in neutral zone.
0:12 of 2nd period - Snap shot by Sebastian Aho.
0:12 of 2nd period - Shot Misses the Net.
0:40 of 2nd period - Backhand shot by Ryan Strome.
0:40 of 2nd period - Stopped by Alex Lyon without a rebound.
0:41 of 2nd period - Anton Lundell wins face-off versus Anze Kopitar in Rangers zone.
0:46 of 2nd period - Slapshot by Filip Hronek.
0:46 of 2nd period - Stopped by Linus Ullmark without a rebound.
0:47 of 2nd period - Anze Kopitar wins face-off versus Alex Killorn in Jets zone.
1:22 of 2nd period - Wrist shot by Nikita Kucherov.
1:22 of 2nd period - Shot Blocked by Jayden Struble.
1:30 of 2nd period - Anze Kopitar is hit by Alex Killorn and loses puck.
1:58 of 2nd period - Slapshot by Thomas Chabot.
1:58 of 2nd period - Deflect By Nikita Kucherov.
1:58 of 2nd period - Shot Blocked by Anton Lundell.
1:58 of 2nd period - Puck is out of play.
1:59 of 2nd period - Mark Scheifele wins face-off versus Sebastian Aho in Rangers zone.
2:02 of 2nd period - Slapshot by Robert Thomas.
2:02 of 2nd period - Stopped by Alex Lyon without a rebound.
2:03 of 2nd period - Sebastian Aho wins face-off versus Mark Scheifele in Rangers zone.
2:08 of 2nd period - Snap shot by Jack Hughes.
2:08 of 2nd period - Stopped by Linus Ullmark without a rebound.
2:09 of 2nd period - Mark Scheifele wins face-off versus Sebastian Aho in Jets zone.
2:09 of 2nd period - Mark Scheifele is hit by Thomas Harley.
2:22 of 2nd period - Minor Penalty to Sebastian Aho for Holding.
2:23 of 2nd period - Mark Scheifele wins face-off versus Kirill Marchenko in Rangers zone.
2:37 of 2nd period - Wrist shot by Mark Scheifele.
2:37 of 2nd period - Deflect By Kirill Kaprizov.
2:37 of 2nd period - Shot Misses the Net.
2:37 of 2nd period - Puck is out of play.
2:38 of 2nd period - Mark Scheifele wins face-off versus Kirill Marchenko in Rangers zone.
2:55 of 2nd period - Wrist shot by Kirill Kaprizov.
2:55 of 2nd period - Goal by Kirill Kaprizov - Rangers : 0 - Jets : 2.
2:56 of 2nd period - Sebastian Aho wins face-off versus Mark Scheifele in neutral zone.
3:10 of 2nd period - Slapshot by Robert Thomas.
3:10 of 2nd period - Shot Misses the Net.
3:12 of 2nd period - Slapshot by Christopher Tanev.
3:12 of 2nd period - Stopped by Alex Lyon with a rebound.
3:22 of 2nd period - Jack Hughes is hit by Nikita Kucherov and loses puck.
3:31 of 2nd period - Backhand shot by Nikita Kucherov.
3:31 of 2nd period - Stopped by Alex Lyon with a rebound.
3:55 of 2nd period - Wrist shot by Anton Lundell.
3:55 of 2nd period - Stopped by Linus Ullmark without a rebound.
3:56 of 2nd period - Mark Scheifele wins face-off versus Kasperi Kapanen in Jets zone.
4:57 of 2nd period - Slapshot by Thomas Chabot.
4:57 of 2nd period - Shot Blocked by Filip Hronek.
4:59 of 2nd period - Wrist shot by Mathieu Olivier.
4:59 of 2nd period - Stopped by Alex Lyon without a rebound.
5:00 of 2nd period - Sebastian Aho wins face-off versus Mark Scheifele in Rangers zone.
5:27 of 2nd period - Kirill Kaprizov is hit by Kasperi Kapanen and loses puck.
5:34 of 2nd period - Snap shot by Kasperi Kapanen.
5:34 of 2nd period - Shot Misses the Net.
5:36 of 2nd period - Wrist shot by Jayden Struble.
5:36 of 2nd period - Stopped by Linus Ullmark with a rebound.
5:44 of 2nd period - Minor Penalty to Mason Lohrei for Roughing.
5:45 of 2nd period - Mark Scheifele wins face-off versus Sebastian Aho in Rangers zone.
5:54 of 2nd period - Backhand shot by Nikita Kucherov.
5:54 of 2nd period - Stopped by Alex Lyon without a rebound.
5:55 of 2nd period - Sebastian Aho wins face-off versus Mark Scheifele in Rangers zone.
6:12 of 2nd period - Slapshot by Dougie Hamilton.
6:12 of 2nd period - Goal by Dougie Hamilton - Rangers : 0 - Jets : 3.
6:13 of 2nd period - Robert Thomas wins face-off versus Sebastian Aho in neutral zone.
6:37 of 2nd period - Icing by Robert Thomas.
6:38 of 2nd period - Anze Kopitar wins face-off versus Alex Killorn in Jets zone.
6:53 of 2nd period - Slapshot by Nikita Kucherov.
6:53 of 2nd period - Stopped by Alex Lyon with a rebound.
7:17 of 2nd period - Snap shot by Eric Robinson.
7:17 of 2nd period - Stopped by Alex Lyon without a rebound.
7:18 of 2nd period - Sebastian Aho wins face-off versus Mark Scheifele in Rangers zone.
7:29 of 2nd period - Snap shot by Jack Hughes.
7:29 of 2nd period - Shot Misses the Net.
8:38 of 2nd period - Snap shot by Mathieu Olivier.
8:38 of 2nd period - Shot Misses the Net.
8:40 of 2nd period - Wrist shot by Mathieu Olivier.
8:40 of 2nd period - Shot Misses the Net.
8:50 of 2nd period - Slapshot by Thomas Harley.
8:50 of 2nd period - Shot Blocked by Martin Necas.
8:58 of 2nd period - Anton Lundell is hit by Dougie Hamilton and loses puck.
9:58 of 2nd period - Off-side.
9:59 of 2nd period - Mark Scheifele wins face-off versus Joel Eriksson Ek in neutral zone.
10:06 of 2nd period - Backhand shot by Mark Scheifele.
10:06 of 2nd period - Shot Misses the Net.
10:08 of 2nd period - Slapshot by Robert Thomas.
10:08 of 2nd period - Stopped by Alex Lyon without a rebound.
10:09 of 2nd period - Jack Hughes wins face-off versus Mark Scheifele in Rangers zone.
10:24 of 2nd period - Dougie Hamilton is hit by Sebastian Aho and loses puck.
11:00 of 2nd period - Dougie Hamilton is hit by Thomas Harley and loses puck.
11:49 of 2nd period - Wrist shot by Martin Necas.
11:49 of 2nd period - Deflect By Mark Scheifele.
11:49 of 2nd period - Shot Misses the Net.
11:49 of 2nd period - Puck is out of play.
11:50 of 2nd period - Sebastian Aho wins face-off versus Anze Kopitar in Rangers zone.
12:33 of 2nd period - Snap shot by Nikita Kucherov.
12:33 of 2nd period - Stopped by Alex Lyon without a rebound.
12:34 of 2nd period - Mark Scheifele wins face-off versus Sebastian Aho in Rangers zone.
12:37 of 2nd period - Wrist shot by Mark Scheifele.
12:37 of 2nd period - Shot Misses the Net.
13:01 of 2nd period - Alex Laferriere is hit by Curtis Lazar and loses puck.
13:48 of 2nd period - Snap shot by Jake Guentzel.
13:48 of 2nd period - Stopped by Linus Ullmark with a rebound.
13:56 of 2nd period - Sebastian Aho is hit by Nikita Kucherov and loses puck.
14:09 of 2nd period - Slapshot by Thomas Harley.
14:09 of 2nd period - Stopped by Linus Ullmark with a rebound.
14:11 of 2nd period - Slapshot by Thomas Harley.
14:11 of 2nd period - Deflect By Adam Larsson.
14:11 of 2nd period - Stopped by Linus Ullmark without a rebound.
14:12 of 2nd period - Mark Scheifele wins face-off versus Anton Lundell in Jets zone.
14:19 of 2nd period - Wrist shot by Robert Thomas.
14:19 of 2nd period - Deflect By Alex Killorn.
14:19 of 2nd period - Stopped by Alex Lyon without a rebound.
14:20 of 2nd period - Sebastian Aho wins face-off versus Martin Necas in Rangers zone.
14:48 of 2nd period - Icing by Robert Thomas.
14:49 of 2nd period - Joel Eriksson Ek wins face-off versus Mark Scheifele in Jets zone.
15:50 of 2nd period - Off-side.
15:51 of 2nd period - Anze Kopitar wins face-off versus Sebastian Aho in neutral zone.
15:56 of 2nd period - Snap shot by Anze Kopitar.
15:56 of 2nd period - Shot Blocked by Filip Hronek.
15:58 of 2nd period - Snap shot by Anze Kopitar.
15:58 of 2nd period - Shot Blocked by Sebastian Aho.
16:00 of 2nd period - Wrist shot by Anze Kopitar.
16:00 of 2nd period - Shot Misses the Net.
16:02 of 2nd period - Backhand shot by Nikita Kucherov.
16:02 of 2nd period - Deflect By Kirill Kaprizov.
16:02 of 2nd period - Stopped by Alex Lyon with a rebound.
16:47 of 2nd period - Snap shot by Mathieu Olivier.
16:47 of 2nd period - Stopped by Alex Lyon without a rebound.
16:48 of 2nd period - Anton Lundell wins face-off versus Anze Kopitar in Rangers zone.
17:22 of 2nd period - Thomas Chabot is hit by Martin Fehervary and loses puck.
17:40 of 2nd period - Snap shot by Mathieu Olivier.
17:40 of 2nd period - Stopped by Alex Lyon with a rebound.
17:42 of 2nd period - Slapshot by Adam Larsson.
17:42 of 2nd period - Deflect By Trevor Lewis.
17:42 of 2nd period - Shot Misses the Net.
17:42 of 2nd period - Puck is out of play.
17:43 of 2nd period - Sebastian Aho wins face-off versus Kirill Kaprizov in Rangers zone.
17:48 of 2nd period - Wrist shot by Jack Hughes.
17:48 of 2nd period - Stopped by Linus Ullmark without a rebound.
17:49 of 2nd period - Anze Kopitar wins face-off versus Sebastian Aho in Jets zone.
17:49 of 2nd period - Anze Kopitar is hit by Filip Hronek.
17:59 of 2nd period - Snap shot by Jake Guentzel.
17:59 of 2nd period - Stopped by Linus Ullmark without a rebound.
18:00 of 2nd period - Jake Guentzel wins face-off versus Anze Kopitar in Jets zone.
18:05 of 2nd period - Wrist shot by Jack Hughes.
18:05 of 2nd period - Shot Misses the Net.
18:07 of 2nd period - Slapshot by Martin Fehervary.
18:07 of 2nd period - Stopped by Linus Ullmark without a rebound.
18:08 of 2nd period - Anze Kopitar wins face-off versus Sebastian Aho in Jets zone.
18:19 of 2nd period - Slapshot by Nikita Kucherov.
18:19 of 2nd period - Stopped by Alex Lyon without a rebound.
18:20 of 2nd period - Sebastian Aho wins face-off versus Anze Kopitar in Rangers zone.
18:34 of 2nd period - Snap shot by Anze Kopitar.
18:34 of 2nd period - Shot Misses the Net.
18:36 of 2nd period - Wrist shot by Kirill Kaprizov.
18:36 of 2nd period - Stopped by Alex Lyon with a rebound.
18:50 of 2nd period - Icing by Christopher Tanev.
18:51 of 2nd period - Curtis Lazar wins face-off versus Anton Lundell in Jets zone.
19:07 of 2nd period - Snap shot by Anton Lundell.
19:07 of 2nd period - Shot Blocked by Ryan Strome.
19:09 of 2nd period - Wrist shot by Alex Killorn.
19:09 of 2nd period - Deflect By Thomas Chabot.
19:09 of 2nd period - Stopped by Linus Ullmark without a rebound.
19:10 of 2nd period - Sebastian Aho wins face-off versus Anze Kopitar in Jets zone.
19:23 of 2nd period - Wrist shot by Sebastian Aho.
19:23 of 2nd period - Shot Misses the Net.
19:25 of 2nd period - Wrist shot by Sebastian Aho.
19:25 of 2nd period - Stopped by Linus Ullmark with a rebound.
19:27 of 2nd period - Wrist shot by Sebastian Aho.
19:27 of 2nd period - Shot Misses the Net.
19:37 of 2nd period - Anton Lundell is hit by Radko Gudas and loses puck.
Goals for this period are 0 for Rangers vs 2 for Jets.
Shots for this period are 12 for Rangers vs 18 for Jets.
3rd period
0:01 of 3rd period - Anze Kopitar wins face-off versus Sebastian Aho in neutral zone.
0:11 of 3rd period - Off-side.
0:12 of 3rd period - Anze Kopitar wins face-off versus Sebastian Aho in neutral zone.
1:10 of 3rd period - Snap shot by Anton Lundell.
1:10 of 3rd period - Shot Blocked by Dougie Hamilton.
2:10 of 3rd period - Joel Eriksson Ek is hit by Klim Kostin and loses puck.
2:25 of 3rd period - Ilya Lyubushkin is hit by Anton Lundell and loses puck.
2:49 of 3rd period - Icing by Thomas Chabot.
2:50 of 3rd period - Curtis Lazar wins face-off versus Sebastian Aho in Jets zone.
2:52 of 3rd period - Icing by Thomas Chabot.
2:53 of 3rd period - Curtis Lazar wins face-off versus Sebastian Aho in Jets zone.
3:09 of 3rd period - Snap shot by Jack Hughes.
3:09 of 3rd period - Shot Misses the Net.
3:39 of 3rd period - Thomas Chabot is hit by Thomas Harley and loses puck.
4:06 of 3rd period - Wrist shot by Alex Laferriere.
4:06 of 3rd period - Goal by Alex Laferriere - Rangers : 1 - Jets : 3.
4:07 of 3rd period - Mark Scheifele wins face-off versus Sebastian Aho in neutral zone.
4:34 of 3rd period - Sebastian Aho is hit by Klim Kostin and loses puck.
4:45 of 3rd period - Snap shot by Trevor Lewis.
4:45 of 3rd period - Deflect By Mathieu Olivier.
4:45 of 3rd period - Shot Misses the Net.
4:45 of 3rd period - Puck is out of play.
4:46 of 3rd period - Anze Kopitar wins face-off versus Anton Lundell in Rangers zone.
4:59 of 3rd period - Alex Killorn is hit by Kirill Kaprizov and loses puck.
5:22 of 3rd period - Kirill Marchenko is hit by Radko Gudas and loses puck.
6:00 of 3rd period - Wrist shot by Anton Lundell.
6:00 of 3rd period - Shot Misses the Net.
6:02 of 3rd period - Slapshot by Jayden Struble.
6:02 of 3rd period - Shot Misses the Net.
6:53 of 3rd period - Alex Killorn is hit by Anze Kopitar and loses puck.
7:36 of 3rd period - Slapshot by Kirill Marchenko.
7:36 of 3rd period - Stopped by Linus Ullmark with a rebound.
7:46 of 3rd period - Slapshot by Anton Lundell.
7:46 of 3rd period - Deflect By Alex Killorn.
7:46 of 3rd period - Shot Misses the Net.
7:46 of 3rd period - Puck is out of play.
7:47 of 3rd period - Mark Scheifele wins face-off versus Anton Lundell in Jets zone.
8:10 of 3rd period - Slapshot by Dmitry Orlov.
8:10 of 3rd period - Stopped by Linus Ullmark without a rebound.
8:11 of 3rd period - Anze Kopitar wins face-off versus Sebastian Aho in Jets zone.
8:18 of 3rd period - Jake Guentzel is hit by Thomas Chabot and loses puck.
8:48 of 3rd period - Minor Penalty to Jayden Struble for Diving.
8:49 of 3rd period - Mark Scheifele wins face-off versus Sebastian Aho in Rangers zone.
9:03 of 3rd period - Slapshot by Sebastian Aho.
9:03 of 3rd period - Shot Misses the Net.
9:19 of 3rd period - Thomas Harley is hit by Adam Larsson and loses puck.
10:10 of 3rd period - Alex Laferriere is hit by Martin Necas and loses puck.
10:48 of 3rd period - Penalty to Jayden Struble is over, Jayden Struble is back on ice.
11:02 of 3rd period - Icing by Adam Larsson.
11:03 of 3rd period - Joel Eriksson Ek wins face-off versus Klim Kostin in Jets zone.
11:34 of 3rd period - Slapshot by Mathieu Olivier.
11:34 of 3rd period - Shot Misses the Net.
11:36 of 3rd period - Wrist shot by Klim Kostin.
11:36 of 3rd period - Shot Misses the Net.
12:27 of 3rd period - Snap shot by Kirill Marchenko.
12:27 of 3rd period - Stopped by Linus Ullmark without a rebound.
12:28 of 3rd period - Sebastian Aho wins face-off versus Anze Kopitar in Jets zone.
12:33 of 3rd period - Slapshot by Jake Guentzel.
12:33 of 3rd period - Stopped by Linus Ullmark with a rebound.
12:35 of 3rd period - Snap shot by Martin Fehervary.
12:35 of 3rd period - Shot Misses the Net.
12:37 of 3rd period - Wrist shot by Jack Hughes.
12:37 of 3rd period - Shot Misses the Net.
12:39 of 3rd period - Wrist shot by Jack Hughes.
12:39 of 3rd period - Goal by Jack Hughes - Rangers : 2 - Jets : 3.
12:40 of 3rd period - Anze Kopitar wins face-off versus Sebastian Aho in neutral zone.
13:07 of 3rd period - Anton Lundell is hit by Mark Scheifele and loses puck.
13:20 of 3rd period - Wrist shot by Martin Necas.
13:20 of 3rd period - Stopped by Alex Lyon with a rebound.
14:02 of 3rd period - Dougie Hamilton is hit by Dmitry Orlov and loses puck.
15:47 of 3rd period - Slapshot by Thomas Chabot.
15:47 of 3rd period - Deflect By Anton Lundell.
15:47 of 3rd period - Stopped by Alex Lyon with a rebound.
15:49 of 3rd period - Snap shot by Ryan Strome.
15:49 of 3rd period - Stopped by Alex Lyon without a rebound.
15:50 of 3rd period - Mark Scheifele wins face-off versus Anton Lundell in Rangers zone.
16:20 of 3rd period - Wrist shot by Robert Thomas.
16:20 of 3rd period - Shot Misses the Net.
16:26 of 3rd period - Slapshot by Filip Hronek.
16:26 of 3rd period - Stopped by Linus Ullmark without a rebound.
16:27 of 3rd period - Curtis Lazar wins face-off versus Christian Dvorak in Jets zone.
16:38 of 3rd period - Slapshot by Thomas Chabot.
16:38 of 3rd period - Deflect By Eric Robinson.
16:38 of 3rd period - Shot Misses the Net.
16:38 of 3rd period - Puck is out of play.
16:39 of 3rd period - Ryan Strome wins face-off versus Christian Dvorak in Rangers zone.
16:55 of 3rd period - Off-side.
16:56 of 3rd period - Anze Kopitar wins face-off versus Sebastian Aho in neutral zone.
16:58 of 3rd period - Off-side.
16:59 of 3rd period - Anze Kopitar wins face-off versus Sebastian Aho in neutral zone.
17:14 of 3rd period - Wrist shot by Sebastian Aho.
17:14 of 3rd period - Deflect By Nikita Kucherov.
17:14 of 3rd period - Shot Misses the Net.
17:14 of 3rd period - Puck is out of play.
17:15 of 3rd period - Sebastian Aho wins face-off versus Ryan Strome in Jets zone.
17:16 of 3rd period - Wrist shot by Jack Hughes.
17:16 of 3rd period - Shot Blocked by Curtis Lazar.
17:18 of 3rd period - Slapshot by Martin Fehervary.
17:18 of 3rd period - Stopped by Linus Ullmark with a rebound.
17:20 of 3rd period - Slapshot by Martin Fehervary.
17:20 of 3rd period - Stopped by Linus Ullmark without a rebound.
17:21 of 3rd period - Sebastian Aho wins face-off versus Eric Robinson in Jets zone.
17:42 of 3rd period - Martin Fehervary is hit by Curtis Lazar and loses puck.
17:51 of 3rd period - Thomas Chabot is hit by Sebastian Aho and loses puck.
18:13 of 3rd period - Off-side.
18:14 of 3rd period - Anton Lundell wins face-off versus Klim Kostin in neutral zone.
18:27 of 3rd period - Slapshot by Alex Laferriere.
18:27 of 3rd period - Stopped by Linus Ullmark with a rebound.
18:31 of 3rd period - Snap shot by Anton Lundell.
18:31 of 3rd period - Stopped by Linus Ullmark without a rebound.
18:32 of 3rd period - Anze Kopitar wins face-off versus Alex Killorn in Jets zone.
19:25 of 3rd period - Wrist shot by Eric Robinson.
19:25 of 3rd period - Stopped by Alex Lyon with a rebound.
19:27 of 3rd period - Snap shot by Christopher Tanev.
19:27 of 3rd period - Shot Blocked by Alex Killorn.
19:29 of 3rd period - Snap shot by Eric Robinson.
19:29 of 3rd period - Stopped by Alex Lyon without a rebound.
19:30 of 3rd period - Dave Tippett call a timeout for Rangers.
19:30 of 3rd period - Sebastian Aho wins face-off versus Anze Kopitar in Rangers zone.
19:35 of 3rd period - Trevor Lewis is hit by Thomas Harley and loses puck.
19:40 of 3rd period - Rangers, Alex Lyon is pulled from the net.
Goals for this period are 2 for Rangers vs 0 for Jets.
Shots for this period are 11 for Rangers vs 5 for Jets.